 Dungeon Crawl Stone Soup version 0.26.0-10-g1f06aea511 (webtiles) character file.

Game seed: 4836669423377239192

2033 funkygono the Firebug (level 9, -2/47 HPs)
             Began as a Gargoyle Fire Elementalist on Jan 30, 2021.
             Was a Follower of Vehumet.
             Slain by a yak (7 damage)
             ... on level 6 of the Dungeon.
             The game lasted 00:16:21 (8168 turns).

funkygono the Firebug (Gargoyle Fire Elementalist)  Turns: 8168, Time: 00:16:23

Health: -2/47      AC: 13    Str: 13    XL:     9   Next: 24%
Magic:  8/18       EV: 12    Int: 18    God:    Vehumet [*.....]
Gold:   292        SH:  0    Dex: 10    Spells: 11/20 levels left

rFire    + . .     SeeInvis .   h - +2 whip
rCold    . . .     Faith    .   (no shield)
rNeg     + . .     Spirit   .   a - +0 robe
rPois    ∞         Reflect  .   i - +0 helmet
rElec    +         Harm     .   c - +1 cloak
rCorr    .         Rampage  .   r - +0 pair of gloves
Will     .....                  f - +0 pair of boots
Stlth    ++........             e - amulet of the acrobat
HPRegen  0.15/turn              t - ring of protection from fire
MPRegen  0.16/turn              (no ring)

@: no status effects
A: negative energy resistance 1, electricity resistance, unbreathing,
petrification resistance, miasma immunity, AC +6
a: Renounce Religion


You were on level 6 of the Dungeon.
You worshipped Vehumet.
Vehumet was aware of your devotion.
You visited 2 branches of the dungeon, and saw 8 of its levels.

You collected 292 gold pieces.

Inventory:

Hand Weapons
 h - a +2 whip (weapon)
 s - a +0 flail of draining
Missiles
 g - 248 stones
Armour
 a - a +0 robe (worn)
 c - a +1 cloak (worn)
 f - a +0 pair of boots (worn)
 i - a +0 helmet (worn)
 r - a +0 pair of gloves (worn)
Magical Staves
 y - an uncursed staff of earth
Jewellery
 e - an amulet of the acrobat (around neck)
 t - a ring of protection from fire (left hand)
Wands
 m - a wand of disintegration (13)
 q - a wand of paralysis (16)
 w - a wand of acid (11)
Scrolls
 b - a scroll of fear
 k - a scroll of enchant weapon
 l - 3 scrolls of teleportation
 o - a scroll of blinking
 x - a scroll of identify
Potions
 d - 4 potions of curing
 j - 2 potions of magic
 n - a potion of brilliance
 p - a potion of might
 u - a potion of berserk rage
 v - 4 potions of flight


   Skills:
 + Level 1.4 Fighting
 + Level 2.6 Maces & Flails
 + Level 2.7 Dodging
 + Level 3.4 Stealth
 * Level 6.2 Spellcasting
 * Level 6.1 Conjurations
 * Level 7.2 Fire Magic


You had 11 spell levels left.
You knew the following spells:

 Your Spells              Type           Power        Failure   Level
a - Foxfire               Conj/Fire      100%         1%          1
b - Conjure Flame         Conj/Fire      29%          2%          3
c - Fireball              Conj/Fire      14%          22%         5

Your spell library contained the following spells:

 Spells                   Type           Power        Failure   Level
 Freeze                   Ice            20%          12%         1
 Sticky Flame             Conj/Fire      29%          8%          4
 Inner Flame              Hex/Fire       18%          9%          3


Dungeon Overview and Level Annotations

Branches:
Dungeon (7/15)             Temple (1/1) D:6

Altars:
Ashenzari
Cheibriados
Dithmenos
Elyvilon
Fedhas
Gozag
Hepliaklqana
Kikubaaqudgha
Makhleb
Nemelex Xobeh
Okawaru
Qazlal
Ru
Sif Muna
Trog
Uskayaw
Vehumet
Wu Jian
Xom
Yredelemnul
Zin
The Shining One


Innate Abilities, Weirdness & Mutations

You are resistant to torment.
Your stone body is resilient. (AC +6)
You are immune to poison.
You resist negative energy. (rN+)
You are resistant to electric shocks. (rElec)
You can survive without breathing.
You are immune to petrification.
You are immune to miasma.


Message History

The yak is lightly wounded.
The yak closely misses you.
You barely miss the yak.
The yak is lightly wounded.
The yak misses you.
The foxfire hits the yak.
The yak is lightly wounded.
The foxfire hits the yak.
The yak is moderately wounded.
Casting: Foxfire (safe; 1% risk of failure)
Confirm with . or Enter, or press ? or * to list all spells.
You conjure some foxfire!
The yak misses you.
Casting: Foxfire (safe; 1% risk of failure)
Confirm with . or Enter, or press ? or * to list all spells.
You conjure some foxfire!
The foxfire hits the yak.
The yak is moderately wounded.
The foxfire hits the yak.
The yak is moderately wounded.
The yak gores you!
You die...

#...#.......#.....#.#°#._.....#
#...#.......#.....#.###...###.#
'...#######.'.....#.......#...#
#####.....#####...#########..##
#...#.....#...#.............##
..⌠....>....⌠...............#
#...#.....#...#....<........#####
#####.....#####.Yv.######'#......
....#######.#.§v@..#...#....#....
.....#......#..§§..#...'....#....
.....'..))..#......#...#....'....
.....#......#......#...#....#....
..v§§######.#......###+##.####..#
....v#..>##.###.....#..##'#######
.....#........#.....#.....'.....#
.....#........#.....+.....#.....#
.....#........#.....#.....#.....#


You could see a yak.

Vanquished Creatures
  Grinder (D:3)
  Edmund (D:3)
  3 sky beasts
  An ice beast (D:7)
  An ogre (D:5)
  A centaur (D:6)
  2 bullfrogs (D:7)
  2 scorpions (D:6)
  2 howler monkeys
  A jelly (D:7)
  2 bullfrog zombies
  4 hounds
  3 bullfrog skeletons
  4 orc priests
  5 iguanas
  Terence (D:5)
  An orc wizard (D:7)
  3 worker ants
  5 adders
  A shadow imp (D:6)
  4 white imps
  An ufetubus (D:6)
  An adder zombie (D:6)
  A worm (D:3)
  3 dart slugs
  4 leopard geckos
  29 orcs
  5 ball pythons
  2 giant cockroaches
  4 goblins
  4 hobgoblins (D:1)
  12 jackals
  6 kobolds
  2 quokkas
  9 bats
  7 frilled lizards
  A quokka skeleton (D:5)
  5 rats (D:2)
144 creatures vanquished.

Vanquished Creatures (others)
  A wizard (D:6)
  590 foxfires
591 creatures vanquished.

Grand Total: 735 creatures vanquished

Notes
Turn   | Place    | Note
-------+----------+-------------------------------------------
     0 | D:1      | funkygono the Gargoyle Fire Elementalist began the quest
                  | for the Orb.
     0 | D:1      | Reached XP level 1. HP: 10/10 MP: 3/3
   218 | D:1      | Reached XP level 2. HP: 15/15 MP: 0/5
   848 | D:2      | Reached XP level 3. HP: 19/19 MP: 4/6
   852 | D:2      | Learned a level 3 spell: Conjure Flame
  2087 | D:3      | Noticed Terence
  2331 | D:3      | Reached XP level 4. HP: 20/24 MP: 0/7
  2646 | D:3      | Reached skill level 4 in Fire Magic
  2809 | D:3      | Noticed Grinder
  2827 | D:3      | Killed Grinder
  2828 | D:3      | Reached XP level 5. HP: 13/28 MP: 1/10
  2828 | D:3      | Reached XP level 6. HP: 16/33 MP: 1/11
  3111 | D:4      | Noticed Edmund
  3166 | D:3      | Killed Edmund
  3167 | D:3      | Reached skill level 1 in Maces & Flails
  3348 | D:3      | Learned a level 5 spell: Fireball
  3637 | D:4      | Reached XP level 7. HP: 37/37 MP: 10/12
  3648 | D:4      | Reached skill level 5 in Fire Magic
  3764 | D:4      | Reached skill level 1 in Fighting
  4208 | D:4      | Found a bloodstained altar of Trog.
  4374 | D:5      | Entered Level 5 of the Dungeon
  5288 | D:5      | Killed Terence
  5469 | D:5      | Reached skill level 5 in Spellcasting
  5469 | D:5      | Reached XP level 8. HP: 36/43 MP: 9/15
  6325 | D:6      | Reached skill level 5 in Conjurations
  6423 | D:6      | Reached skill level 6 in Fire Magic
  6769 | D:6      | Found a bloodstained altar of Trog.
  6770 | D:6      | Noticed a wizard
  6775 | D:6      | Killed a wizard
  6806 | D:6      | Found a staircase to the Ecumenical Temple.
  6823 | Temple   | Entered the Ecumenical Temple
  6899 | Temple   | Became a worshipper of Vehumet
  7230 | D:6      | Found a sparkling altar of Nemelex Xobeh.
  7630 | D:7      | Reached XP level 9. HP: 47/47 MP: 9/18
  7832 | D:7      | Reached skill level 7 in Fire Magic
  7950 | D:7      | Reached * piety under Vehumet
  7950 | D:7      | Offered knowledge of Freeze by Vehumet.
  8168 | D:6      | Slain by a yak

Illustrated notes

Levels and vault maps discovered:
D:1:      dpeg_arrival_rooms_a, layout_rooms
D:2:      layout_basic, serial_curves, eino_curves_03, eino_curves_02,
          minmay_between
D:3:      layout_loops_ring, solitary_fountain, uniq_grinder, uniq_terence
D:4:      layout_loops_ring, lemuel_round_altar, hangedman_abyss_or_decor_stabs,
          mrwooster_statue_mirror, uniq_edmund
D:5:      minmay_recursive_quarters, layout_loops_corners,
          chequers_serial_rivers_marsh
D:6:      layout_gridville, minmay_temple_entry_antechambers, basic_altar,
          trog_wizard
D:7:      layout_cave_pools, minmay_joined_circles
Temple:   regret_index_temple_chain_breaker

Skill      XL: |  1  2  3  4  5  6  7  8  9 |
---------------+----------------------------+-----
Fire Magic     | 4 5 6 7 |  7.2
Dodging        | 2 |  2.7
Spellcasting   | 3 5 6 |  6.2
Conjurations   | 3 4 5 6 |  6.1
Maces & Flails | 1 2 |  2.6
Fighting       | 1 |  1.4
Stealth        | 3 |  3.4

Action                   |  1- 3 |  4- 6 |  7- 9 || total
-------------------------+-------+-------+-------++-------
Melee: Club              |     1 |       |       ||     1
       Whip              |    32 |    48 |   121 ||   201
 Cast: Foxfire           |    77 |    54 |   232 ||   363
  Use: Scroll            |     4 |     6 |     4 ||    14
       Potion            |       |     2 |       ||     2
 Stab: Sleeping          |       |       |     1 ||     1
Armor: Robe              |    23 |    32 |    60 ||   115
       Skin              |       |     9 |       ||     9
Dodge: Dodged            |    58 |    52 |   117 ||   227
